 Dungeon Crawl Stone Soup version 0.25-a0-589-g1e14c549ee (webtiles) character file.

Game seed: 14803090929105219328, levelgen mode: deterministic

168 kae the Sneak (level 5, -1/35 HPs)
             Began as a Vampire Enchanter on Mar 11, 2020.
             Slain by an orc wizard
             ... wielding a +0 dagger
              (4 damage)
             ... on level 3 of the Dungeon.
             The game lasted 00:01:19 (1361 turns).

kae the Sneak (Vampire Enchanter)                   Turns: 1361, Time: 00:01:19

Health: -1/35      AC:  2    Str:  8    XL:     5   Next: 24%
Magic:  2/9        EV: 13    Int: 17    God:
Gold:   95         SH:  0    Dex: 15    Spells: 3/9 levels left

rFire    + + .     SeeInvis +   a - +1 dagger
rCold    . . .     Gourm    .   (no shield)
rNeg     . . .     Faith    .   b - +0 robe
rPois    +         Spirit   .   (no helmet)
rElec    +         Reflect  .   (no cloak)
rCorr    +         Harm     .   (no gloves)
MR       .....                  (no boots)
Stlth    +++.......             (no amulet)
HPRegen  0.31/turn              f - ring of fire
MPRegen  0.11/turn              (no ring)

@: mighty, lethally poisoned (-1 -> -2), resistant, flying, regenerating
quickly, hasted, very quick
A: no food, fangs 3, see invisible, unbreathing
a: Exsanguinate


You were on level 3 of the Dungeon.
You were alive.

You visited 1 branch of the dungeon, and saw 4 of its levels.

You collected 95 gold pieces.

Inventory:

Hand Weapons
 a - a +1 dagger (weapon)
Armour
 b - a +0 robe (worn)
Jewellery
 f - a ring of fire (left hand)
Scrolls
 c - 3 scrolls of identify {unknown}
 e - a scroll of fear {unknown}
 g - a scroll of teleportation {unknown}
 i - a scroll of amnesia {unknown}
 j - a scroll of enchant weapon {unknown}
Potions
 m - a potion of degeneration {unknown}
 n - a potion of ambrosia {unknown}


   Skills:
 * Level 3.6 Short Blades
 - Level 2.1 Dodging
 + Level 5.7 Stealth
 + Level 2.8 Spellcasting
 + Level 5.5 Hexes


You had 3 spell levels left.
You knew the following spells:

 Your Spells              Type           Power        Failure   Level  Hunger
a - Corona                Hex            ###....      1%          1    N/A
b - Ensorcelled Hibernat  Hex/Ice        ##....       9%          2    N/A
c - Confusing Touch       Hex            ###.....     5%          3    N/A

Your spell library contained the following spells:

 Spells                   Type           Power        Failure   Level  Hunger
 Tukima's Dance           Hex            ###.....     5%          3    N/A
 Dazzling Flash           Conj/Hex       ##....       17%         3    N/A

Dungeon Overview and Level Annotations

Branches:
Dungeon (4/15)
 Temple: D:4-7

Altars:
Wu Jian


Innate Abilities, Weirdness & Mutations

You do not eat.
Your natural rate of healing is unusually fast.
You have razor-sharp teeth.
You have supernaturally acute eyesight. (SInv)
You can survive without breathing.


Message History

The orc wizard hits you with a +0 dagger.
The orc wizard hits you with a +0 dagger.
You feel sick.
The orc wizard gestures at you while chanting.
The magic dart hits you!
It was a potion of flight.
You feel very buoyant.
You fly up into the air.
You feel sick.
It was a potion of resistance.
You feel protected. The orc wizard closely misses you.
It was a potion of might.
You feel very mighty all of a sudden.
You feel sick.
The orc wizard gestures at you while chanting.
The magic dart hits you!
* * * LOW HITPOINT WARNING * * *
It was a potion of haste.
You feel yourself speed up.
The orc wizard hits you with a +0 dagger.
You die...

#### ##
#.. ..
#.####.
#@##..
#o##)# #
#o##.##.#
#...)>..#
####.####
...#
#####


You could see an orc wizard and an orc.

Vanquished Creatures
  3 orc wizards
  An iguana (D:4)
  A worker ant (D:4)
  An ooze (D:1)
  A worm (D:4)
  A dart slug (D:1)
  5 orcs
  A giant cockroach (D:1)
  A goblin (D:1)
  2 hobgoblins (D:1)
  3 jackals (D:1)
  2 bats (D:1)
  A frilled lizard (D:4)
  A rat (D:1)
24 creatures vanquished.

Notes
Turn   | Place    | Note
-------+----------+-------------------------------------------
     0 | D:1      | kae the Vampire Enchanter began the quest for the Orb.
     0 | D:1      | Reached XP level 1. HP: 13/13 MP: 3/3
   121 | D:1      | Reached XP level 2. HP: 19/19 MP: 5/5
   134 | D:1      | Learned a level 2 spell: Ensorcelled Hibernation
   892 | D:2      | You fall into a shaft and drop 2 floors!
   895 | D:4      | Reached skill level 5 in Stealth
   895 | D:4      | Reached XP level 3. HP: 24/24 MP: 6/6
  1071 | D:3      | Found an ornate altar of the Wu Jian Council.
  1151 | D:4      | Reached skill level 5 in Hexes
  1151 | D:4      | Reached XP level 4. HP: 30/30 MP: 7/7
  1156 | D:4      | Learned a level 3 spell: Confusing Touch
  1344 | D:3      | Reached XP level 5. HP: 35/35 MP: 7/9
  1361 | D:3      | Slain by an orc wizard

Levels and vault maps discovered:
D:1:      co_arrival_random_square_maze, layout_basic
D:2:      layout_rooms, uniq_terence
D:3:      layout_loops_cross, evilmike_ruin_ashenzari,
          nicolae_overflow_hidden_temple, lightli_temple_of_fire,
          gammafunk_ghost_grave, first_ration
D:4:      layout_gridville, kennysheep_mini_moat, minmay_temple_entry_hall,
          dk_noncrumbling_3

Skill      XL: |  1  2  3  4 |
---------------+-------------+-----
Short Blades   | 2 3 |  3.6
Stealth        | 5 |  5.7
Hexes          | 5 |  5.5
Dodging        | |  2.1
Spellcasting   | |  2.8

Action                   |  1- 3 |  4- 6 || total
-------------------------+-------+-------++-------
Melee: Dagger            |    55 |    22 ||    77
       Bite              |     7 |     1 ||     8
 Cast: Corona            |     2 |       ||     2
       Ensorcelled Hiber |       |     7 ||     7
  Use: Potion            |       |     4 ||     4
 Stab: Sleeping          |     7 |     8 ||    15
Armor: Robe              |    12 |     2 ||    14
Dodge: Dodged            |    36 |    12 ||    48

Table legend:
 A = Non-vault XP
 B = Vault XP
 C = Vault XP percentage of total XP
 D = Non-vault monster count
 E = Vault monster count
 F = Vault count percentage of total count
                 A         B        C        D         E       F
            +---------+---------+-------+---------+---------+-------
      Total |     241 |       0 |   0.0 |      24 |       0 |   0.0
            +---------+---------+-------+---------+---------+-------
        D:1 |      28 |       0 |   0.0 |      12 |       0 |   0.0
        D:3 |      82 |       0 |   0.0 |       3 |       0 |   0.0
        D:4 |     131 |       0 |   0.0 |       9 |       0 |   0.0
            +---------+---------+-------+---------+---------+-------
